AoeStats
← Malik Bhai

Runestones

508219746Analyzed
1v1 RM · 11d ago on Sep 21, 2026· 47m 28s· 2 players
Game mode
Random Map
Map size
Tiny (2 player)
Population
200
Speed
Normal
Resources
Standard
Victory
Conquest
Starting age
Dark Age
Ending age
Imperial Age
RankedLock teamsTeams togetherTeam positionsShared explorationLock speedFull tech treeHidden civsTurbo modeCheats
Victory
Defeat
🇨🇭 Burmese · Switzerland
1660
+17
🇵🇰 Muisca · Pakistan
1691
-17
champsdugros
7:05 Loom
9:23 Feudal Age
9:24 Man-at-Arms
9:51 Horse Collar
20:10 Castle Age
21:13 Stone Mining
21:14 Gold Mining
21:12 Town Watch
25:59 Padded Archer Armor
27:24 Fletching
28:13 Wheelbarrow
33:20 Bloodlines
38:24 Scale Barding Armor
38:29 Forging
38:31 Heavy Plow
39:33 Hand Cart
43:50 Imperial Age
42:41 Chain Barding Armor
41:57 Light Cavalry
42:38 Husbandry
44:40 Scale Mail Armor
45:18 Plate Barding Armor
Malik Bhai
7:03 Loom
9:59 Feudal Age
14:51 Castle Age
12:54 Horse Collar
16:02 Fletching
21:36 Bodkin Arrow
25:28 Padded Archer Armor
33:33 Leather Archer Armor
39:48 Imperial Age
41:35 Bracer
43:23 Ballistics
45:53 Chemistry
Connection lost

Rejoining the realm…

Still unreachable

The connection could not be restored.

Session expired

The server has moved on; the page needs a fresh start.